 Dungeon Crawl Stone Soup version 0.17-a0-1397-g0eee0a3 (webtiles) character file.

599 HEYYEYAAE the Gusty (level 7, -1/51 HPs)
             Began as a Human Air Elementalist on June 17, 2015.
             Was a Follower of Vehumet.
             Slain by a wight
             ... wielding a +3 mace of freezing
              (4 damage)
             ... on level 6 of the Dungeon.
             The game lasted 00:16:52 (3777 turns).

HEYYEYAAE the Gusty (Human Air Elementalist)        Turns: 3777, Time: 00:16:52

Health: -1/51      AC:  4    Str:  9    XL:     7   Next: 68%
Magic:  4/12       EV: 12    Int: 17    God:    Vehumet [*.....]
Gold:   204        SH:  0    Dex: 13    Spells: 4 memorised, 2 levels left

rFire  . . .     SeeInvis .     g - +2 quarterstaff (chaos)
rCold  . . .     Clarity  .     a - +0 robe
rNeg   . . .     SustAt   .     (no shield)
rPois  .         Gourm    .     (no helmet)
rElec  .         Spirit   .     k - +1 cloak
rCorr  .         Warding  .     (no gloves)
rMut   .         Stasis   .     (no boots)
MR     .....                    (no amulet)
Stlth  ++........               (no ring)
                                t - ring of wizardry

@: about to teleport, drained, not resistant to hostile enchantments, unstealthy
A: no striking features
a: Renounce Religion


You were on level 6 of the Dungeon.
You worshipped Vehumet.
Vehumet was aware of your devotion.
You were hungry.

You visited 1 branch of the dungeon, and saw 6 of its levels.

You collected 204 gold pieces.

Inventory:

Hand weapons
 d - a +1 dagger of protection
 e - a +0 short sword
 g - a +2 quarterstaff of chaos (weapon)
 r - a +0 hammer of crushing
 s - a +0 trident of venom
 y - a +1 war axe of pain
Armour
 a - a +0 robe (worn)
 k - a +1 cloak (worn)
Jewellery
 t - a ring of wizardry (left hand)
 u - an uncursed ring of magical power {unknown}
Magical devices
 A - a wand of frost (43)
Scrolls
 f - 2 scrolls of amnesia {unknown}
 j - 4 scrolls of remove curse {unknown}
 n - a scroll of enchant armour {unknown}
 o - a scroll of blinking {unknown}
 q - 3 scrolls of teleportation
 z - a scroll of identify
Potions
 l - a potion of curing
 m - a potion of ambrosia {unknown}
 p - a potion of cure mutation {unknown}
 x - a potion of agility
Books
 b - a book of Air

   Spells                             Type                      Level
   a - Shock                          Conjuration/Air              1
   b - Swiftness                      Charms/Air                   2
   c - Repel Missiles                 Charms/Air                   2
   d - Static Discharge               Conjuration/Air              3
   e - Lightning Bolt                 Conjuration/Air              5
 v - an Akashic Record {highlevel, unknown}

   This book is beyond your current level of understanding.

   Spells                             Type                      Level
   a - Dispersal                      Translocation                6
   b - Controlled Blink               Translocation                7
   c - Malign Gateway                 Summoning/Translocation      7
   d - Disjunction                    Translocation                8
   e - Singularity                    Translocation                9
Comestibles
 c - 7 bread rations
 h - a beef jerky
 i - 2 slices of pizza
 w - 3 meat rations


   Skills:
 + Level 2.5(1.8) Fighting
 + Level 2.2(1.5) Armour
 + Level 3.2(2.5) Dodging
 - Level 2.0(1.3) Stealth
 * Level 3.8(3.0) Spellcasting
 * Level 3.5(2.8) Conjurations
 * Level 4.5(3.7) Air Magic


You had 2 spell levels left.
You knew the following spells:

 Your Spells              Type           Power        Failure   Level  Hunger
a - Shock                 Conj/Air       ##..         1%          1    None
b - Static Discharge      Conj/Air       ##......     6%          3    ###....
c - Repel Missiles        Chrm/Air       #.....       6%          2    ##.....
d - Lightning Bolt        Conj/Air       ##........   67%         5    ######.


Dungeon Overview and Level Annotations

Branches:
Dungeon (6/15)
 Temple: D:4-7

Altars:
Ashenzari
Okawaru
Qazlal
Ru
Vehumet

Annotations:
D:4 PeterLawrence's ghost, experienced GrFi


Message History

You see here a runed emerald ring.
u - a runed emerald ring Something hits you!
You feel drained.
* * * LOW HITPOINT WARNING * * *
Something freezes you.
* * * LOW HITPOINT WARNING * * *
A hound comes into view.
Read which item? (? for menu, Esc to quit)
As you read the scroll of teleportation, it crumbles to dust.
You feel strangely unstable. Something hits you.
* * * LOW HITPOINT WARNING * * *
Something freezes you.
* * * LOW HITPOINT WARNING * * *
The hound misses you.
Unknown command.
Drink which item? (? for menu, Esc to quit)
You feel better. The hound closely misses you. Something hits you!
* * * LOW HITPOINT WARNING * * *
Something freezes you.
You die...

###############
#.....{@h......
#.#############
#.# #.# #(# #.#
### #.#
..########.######.
..................


You could see a hound.

Vanquished Creatures
  An ogre (D:5)
  2 scorpions
  2 wights (D:6)
  3 hounds
  A jelly (D:5)
  Crazy Yiuf (D:3)
  2 worker ants
  3 adders
  An adder skeleton (D:4)
  A worm (D:2)
  7 orcs
  3 ball pythons
  A bat skeleton (D:5)
  5 giant cockroaches
  8 goblins
  10 hobgoblins
  8 kobolds
  2 quokkas
  10 bats
  7 giant geckos
  2 giant newts
  A jackal zombie (D:5)
  11 rats
92 creatures vanquished.

Notes
Turn   | Place    | Note
--------------------------------------------------------------
     0 | D:1      | HEYYEYAAE the Human Air Elementalist began the quest for the Orb.
     0 | D:1      | Reached XP level 1. HP: 13/13 MP: 3/3
   232 | D:1      | Reached XP level 2. HP: 10/19 MP: 1/5
   508 | D:1      | Reached XP level 3. HP: 25/25 MP: 4/6
   824 | D:2      | Found an iron altar of Okawaru.
   977 | D:2      | Found a radiant altar of Vehumet.
   994 | D:2      | Became a worshipper of Vehumet
  1701 | D:3      | Learned a level 3 spell: Static Discharge
  1710 | D:3      | Noticed Crazy Yiuf
  1718 | D:3      | Killed Crazy Yiuf
  1718 | D:3      | Reached skill level 1 in Fighting
  1718 | D:3      | Reached XP level 4. HP: 18/32 MP: 0/8
  1778 | D:3      | Found a stormy altar of Qazlal.
  1914 | D:3      | Found a shattered altar of Ashenzari.
  2242 | D:3      | Found a sacrificial altar of Ru.
  2365 | D:3      | Reached XP level 5. HP: 33/37 MP: 9/9
  2549 | D:4      | Reached skill level 1 in Armour
  2669 | D:4      | Reached XP level 6. HP: 28/44 MP: 10/10
  2673 | D:4      | HP: 2/44 [worker ant (5)]
  2747 | D:4      | Noticed PeterLawrence's ghost (experienced GrFi)
  2857 | D:5      | Entered Level 5 of the Dungeon
  3054 | D:5      | Acquired Vehumet's first power
  3054 | D:5      | Offered knowledge of Magic Dart by Vehumet.
  3175 | D:5      | Reached skill level 4 in Air Magic
  3175 | D:5      | Reached XP level 7. HP: 28/50 MP: 1/12
  3330 | D:5      | Learned a level 2 spell: Repel Missiles
  3337 | D:5      | Learned a level 5 spell: Lightning Bolt
  3777 | D:6      | Slain by a wight

Vault maps used:
D:1:      tarquinn_simple_flora_water_a, hangedman_decor_clover_reticule
D:2:      vehumet_crystals, okawaru_metal_pillars_3
D:3:      nicolae_overflow_crystal_walls, lemuel_round_altar,
          overflow_temple_1_default, first_bread, serial_park_tiny_2,
          uniq_crazy_yiuf_cottage
D:6:      overflow_temple_1_default, temple_statues, uniq_duvessa

Action                   |  1- 3 |  4- 6 |  7- 9 || total
-------------------------+-------+-------+-------++-------
Melee: Unarmed           |     4 |       |       ||     4
       Short sword       |     2 |       |       ||     2
       Dagger            |    42 |       |       ||    42
       Trident           |       |    39 |       ||    39
       Quarterstaff      |       |     9 |    12 ||    21
       War axe           |       |     3 |    29 ||    32
 Cast: Shock             |    88 |    41 |    27 ||   156
       Static Discharge  |       |     8 |     6 ||    14
       Repel Missiles    |       |       |     1 ||     1
  Use: Potion            |     3 |     2 |     2 ||     7
       Scroll            |     3 |       |     3 ||     6
 Stab: Invisible         |     1 |       |       ||     1
       Sleeping          |       |     3 |       ||     3
  Eat: Chunk             |     2 |     4 |     2 ||     8
       Beef jerky        |     1 |     1 |       ||     2
